 Dungeon Crawl Stone Soup version 0.18-a0-965-g9200175 (webtiles) character file.

7 Duffy the Ruffian (level 2, 21/21 HPs)
             Began as a Formicid Transmuter on Jan 2, 2016.
             Quit the game on level 1 of the Dungeon.
             The game lasted 00:00:30 (579 turns).

Duffy the Ruffian (Formicid Transmuter)              Turns: 579, Time: 00:00:30

Health: 21/21      AC:  5    Str: 14    XL:     2   Next: 5%
Magic:  5/5        EV: 10    Int: 12    God:
Gold:   54         SH:  0    Dex: 11    Spells: 1 memorised, 4 levels left

rFire  . . .     SeeInvis +       - Unarmed
rCold  . . .     Gourm    .     k - +0 ring mail (curse)
rNeg   . . .     Faith    .     (no shield)
rPois  .         Spirit   .     (helmet unavailable)
rElec  .         Dismiss  .     (no cloak)
rCorr  .         Reflect  .     (no gloves)
SustAt .         Harm     .     (no boots)
MR     .....                    (no amulet)
Stlth  +.........               (no ring)
                                (no ring)

@: not resistant to hostile enchantments, very unstealthy
A: permanent stasis, dig shafts and tunnels, four strong arms, antennae 3
a: Dig, Shaft Self


You were on level 1 of the Dungeon.
You were not hungry.

You visited 1 branch of the dungeon, and saw 1 of its levels.

You collected 54 gold pieces.


Innate Abilities, Weirdness & Mutations

You are under a permanent stasis effect.
You can dig through walls and to a lower floor.
Your four strong arms can wield two-handed weapons with a shield.
You have a pair of large antennae on your head (SInv).


   Skills:
 - Level 1.1 Fighting
 - Level 1.7 Dodging
 + Level 3.5 Unarmed Combat
 - Level 2.1 Spellcasting
 - Level 2.1 Transmutations


You had 4 spell levels left.
You knew the following spells:

 Your Spells              Type           Power        Failure   Level  Hunger
a - Beastly Appendage     Trmt           #.....       24%         1    ##.....

Inventory:

Missiles
 a - 12 arrows
Armour
 b - a +0 robe
 h - a +0 chain mail
 i - a +0 ring mail
 k - a cursed +0 ring mail (worn)
Scrolls
 f - a scroll of remove curse {unknown}
 g - a scroll of noise {unknown}
Potions
 e - a potion of cancellation {unknown}
 j - a potion of flight {unknown}
Books
 c - a book of Changes
Comestibles
 d - a bread ration

Dungeon Overview and Level Annotations

Branches:
Dungeon (1/15)

Altars:


Message History

You continue putting on your ring mail. x4
You finish putting on your +0 ring mail.
You see here a bat corpse.
A goblin comes into view. It is wielding a dagger.
The goblin shouts!
A goblin is nearby!
The goblin hits you with a dagger.
You hit the goblin.
You kill the goblin!
You have reached level 2!
You see here a dagger.
A rat comes into view.
Found a green potion.
A rat is nearby!
You hit the rat.
You kill the rat!
j - a green potion You see here a rat corpse.
You see here a dagger.
You see here a bat corpse.
You see here a leather armour.
Found a ring mail.
Found a runed ring mail.
A giant cockroach comes into view.
You see here a runed ring mail.
k - a runed ring mail Wear which item? (? for menu, Esc to quit)
You start removing your armour.
You continue taking off your +0 ring mail. x4
You finish taking off your +0 ring mail.
You start putting on your armour.
You continue putting on your runed ring mail. x5
You finish putting on your cursed +0 ring mail.
Oops, that feels deathly cold.
Are you sure you want to abandon this character and quit the game? (Confirm with "yes".)

###.....#.## ##...##
#. ##.## #.# ##.# #.#
# ##.#.#. #.#
P####)###.. #.#
P..##..#..... #.#
7PP...#.#....{#.####.#
777...#.##...##.@....#
77.##.#.##...P..###..#
......#...7P7PP..# #
....##...7777P7.P##..#
.####[....7..........#
.# #....7PPP..........
P# #.#.777..#.#####.#.
.# #..P.P.##.# # ##
##.P...##.#


There were no monsters in sight!

Action                   || total
-------------------------++-------
Melee: Unarmed           ||    40
 Stab: Sleeping          ||     1

Notes
Turn   | Place    | Note
--------------------------------------------------------------
     0 | D:1      | Duffy the Formicid Transmuter began the quest for the Orb.
     0 | D:1      | Reached XP level 1. HP: 15/15 MP: 3/3
   457 | D:1      | Reached XP level 2. HP: 18/21 MP: 5/5
   579 | D:1      | Quit the game

Vault maps used:
D:1:      ncdulo_lavacross, serial_forest, infiniplex_forest_corner_2,
          infiniplex_forest_clump_curved, infiniplex_forest_straight_4,
          infiniplex_forest_clump_double, infiniplex_forest_lined_room_3,
          infiniplex_forest_clump_small, infiniplex_forest_zigzag_2,
          infiniplex_forest_clump_small

Vanquished Creatures
  A goblin
  2 hobgoblins
  2 bats
  2 rats
7 creatures vanquished.
